TOP OF THE 1ST |
Nashville Sounds batting - Pitching for Rochester Red Wings : RHP Mike Moon
|
Pitching: RHP Mike Moon
|
|
Batting: LHB Tomas Segarra
|
0-0: Foul Ball, location: 2F 0-1: Fly out, F8 (Line Drive, 8RM, EV 98.8 MPH)
|
Batting: RHB David Herrera
|
0-0: Called Strike 0-1: Foul Ball, location: 2F 0-2: Ball 1-2: Foul Ball, location: 2F 1-2: Foul Ball, location: 2F 1-2: Fly out, F9 (Flyball, 9LS, EV 86.9 MPH)
|
Batting: LHB Al Hernandez
|
0-0: Ball 1-0: Reached on error, E4 (Groundball, 4, EV 108.1 MPH)
|
Batting: RHB Bill Cabrera
|
0-0: Swinging Strike 0-1: Swinging Strike 0-2: Ball 1-2: Ball 2-2: Ball 3-2: Foul Ball, location: 2F 3-2: Base on Balls
|
Batting: LHB Ben Goldstein
|
0-0: Ball 1-0: Foul Ball, location: 2F 1-1: Fielders Choice at 2nd, U6 (Groundball, 6M, EV 105.0 MPH)
|
Top of the 1st over - 0 runs, 0 hits, 1 error, 2 left on base; Nashville 0 - Rochester 0 |
BOTTOM OF THE 1ST |
Rochester Red Wings batting - Pitching for Nashville Sounds : RHP Victor Sanchez
|
Pitching: RHP Victor Sanchez
|
|
Batting: RHB Jason Gee
|
0-0: Ball 1-0: Called Strike 1-1: Fly out, F8 (Line Drive, 8RM, EV 109.4 MPH)
|
Batting: SHB Ian Thompson
|
0-0: Ball 1-0: Swinging Strike 1-1: Swinging Strike 1-2: Foul Ball, location: 2F 1-2: Strikes out swinging
|
Batting: RHB Leo Gonzalez
|
0-0: Swinging Strike 0-1: Foul Ball, location: 2F 0-2: Ground out 4-3 (Groundball, 4, EV 106.9 MPH)
|
Bottom of the 1st over - 0 runs, 0 hits, 0 errors, 0 left on base; Nashville 0 - Rochester 0 |
TOP OF THE 2ND |
Nashville Sounds batting - Pitching for Rochester Red Wings : RHP Mike Moon
|
Batting: LHB Zachary DeLuca
|
0-0: Fly out, F8 (Flyball, 8LD, EV 81.9 MPH)
|
Batting: RHB Wade Diamond
|
0-0: Called Strike 0-1: Foul Ball, location: 2F 0-2: TRIPLE (Line Drive, 78XD, EV 108.8 MPH)
|
Batting: RHB Tony Crespo
|
0-0: Ball 1-0: Ball 2-0: Ball 3-0: Base on Balls
|
Batting: RHB David Sharp
|
0-0: Called Strike 0-1: Foul Ball, location: 2F 0-2: Ball 1-2: Ball Tony Crespo steals 2nd, throwing error, E2 Wade Diamond scores Tony Crespo to third 2-2: Ball 3-2: Strikes out looking
|
Batting: LHB Tomas Segarra
|
0-0: Ball 1-0: Called Strike 1-1: Ball 2-1: DOUBLE (Flyball, 89D, EV 110.6 MPH) Tony Crespo scores
|
Batting: RHB David Herrera
|
0-0: Called Strike 0-1: DOUBLE (Line Drive, 7LM, EV 112.5 MPH) Tomas Segarra scores
|
Batting: LHB Al Hernandez
|
0-0: Called Strike 0-1: Foul Ball, location: 2F 0-2: Hit by Pitch
|
Batting: RHB Bill Cabrera
|
0-0: Ball 1-0: Swinging Strike 1-1: Called Strike 1-2: Ball 2-2: Reached on error, E5 (Groundball, 5, EV 101.2 MPH) David Herrera to third Al Hernandez to second
|
Batting: LHB Ben Goldstein
|
0-0: Ball 1-0: Ball 2-0: Ball 3-0: Called Strike 3-1: Called Strike 3-2: SINGLE (Groundball, 6D, EV 100.0 MPH) David Herrera scores Al Hernandez to third Bill Cabrera to second Al Hernandez scores Bill Cabrera to third
|
Batting: LHB Zachary DeLuca
|
0-0: Ball 1-0: Foul Ball, location: 2F 1-1: Fly out, F7 (Flyball, 7S, EV 80.0 MPH)
|
Top of the 2nd over - 5 runs, 4 hits, 2 errors, 2 left on base; Nashville 5 - Rochester 0 |
BOTTOM OF THE 2ND |
Rochester Red Wings batting - Pitching for Nashville Sounds : RHP Victor Sanchez
|
Batting: RHB Josh Harmon
|
0-0: Foul Ball, location: 2F 0-1: Called Strike 0-2: Ball 1-2: Foul Ball, location: 2F 1-2: SINGLE (Groundball, 6D, EV 101.9 MPH)
|
Batting: RHB José Molina
|
0-0: Ball Wild Pitch! Josh Harmon to second 1-0: Foul Ball, location: 2F 1-1: Foul Ball, location: 2F 1-2: Ball 2-2: Strikes out swinging
|
Batting: RHB Ryan Gautney
|
0-0: Ball 1-0: Called Strike 1-1: Ball 2-1: Ground out 6-3 (Groundball, 6M, EV 103.8 MPH) Josh Harmon to third
|
Batting: RHB Pedro Pinero
|
0-0: Called Strike 0-1: Ball 1-1: Ground out 6-3 (Groundball, 6, EV 95.6 MPH)
|
Bottom of the 2nd over - 0 runs, 1 hit, 0 errors, 1 left on base; Nashville 5 - Rochester 0 |
TOP OF THE 3RD |
Nashville Sounds batting - Pitching for Rochester Red Wings : RHP Mike Moon
|
Batting: RHB Wade Diamond
|
0-0: Ball 1-0: Foul Ball, location: 2F 1-1: Ball 2-1: Ball 3-1: Ground out 1-3 (Groundball, 13S, EV 63.8 MPH)
|
Batting: RHB Tony Crespo
|
0-0: Called Strike 0-1: Foul Ball, location: 2F 0-2: Ball 1-2: Ball 2-2: Ground out 1-3 (Groundball, P, EV 73.8 MPH)
|
Batting: RHB David Sharp
|
0-0: Swinging Strike 0-1: SINGLE (Line Drive, 9S, EV 101.9 MPH)
|
Batting: LHB Tomas Segarra
|
0-0: Called Strike 0-1: Ball 1-1: Ball 2-1: SINGLE (Popup, 6MS, EV 80.0 MPH) David Sharp to second Runner from 2nd tries for 3rd, SAFE, throw by SS made to third
|
Batting: RHB David Herrera
|
0-0: Called Strike 0-1: SINGLE (Line Drive, 4D, EV 104.4 MPH) David Sharp scores Tomas Segarra to second
|
Batting: LHB Al Hernandez
|
0-0: Ground out 2-3 (Groundball, 2R, EV 68.8 MPH)
|
Top of the 3rd over - 1 run, 3 hits, 0 errors, 2 left on base; Nashville 6 - Rochester 0 |
BOTTOM OF THE 3RD |
Rochester Red Wings batting - Pitching for Nashville Sounds : RHP Victor Sanchez
|
Batting: RHB Dan Grable
|
0-0: Called Strike 0-1: Ball 1-1: Ball 2-1: Ball 3-1: SINGLE (Groundball, 6MD, EV 88.1 MPH) (infield hit)
|
Batting: LHB Tyler Allen
|
0-0: Ball 1-0: Fly out, F8 (Flyball, 8LS, EV 90.0 MPH)
|
Batting: RHB Jason Gee
|
0-0: Ball Dan Grable is caught stealing 2nd base 2-4 1-0: Ball 2-0: SINGLE (Groundball, 6D, EV 98.1 MPH)
|
Batting: SHB Ian Thompson
|
0-0: Foul Ball, location: 2F 0-1: Called Strike Jason Gee steals 2nd base 0-2: SINGLE (Line Drive, 4MD, EV 98.8 MPH) Jason Gee to third
|
Batting: RHB Leo Gonzalez
|
0-0: Called Strike 0-1: Swinging Strike 0-2: Strikes out swinging
|
Bottom of the 3rd over - 0 runs, 3 hits, 0 errors, 2 left on base; Nashville 6 - Rochester 0 |
TOP OF THE 4TH |
Nashville Sounds batting - Pitching for Rochester Red Wings : RHP Mike Moon
|
Batting: RHB Bill Cabrera
|
0-0: Ball 1-0: Called Strike 1-1: Ball 2-1: Foul Ball, location: 2F 2-2: Strikes out looking
|
Batting: LHB Ben Goldstein
|
0-0: Foul Ball, location: 2F 0-1: Called Strike 0-2: Foul Ball, location: 2F 0-2: Strikes out swinging
|
Batting: LHB Zachary DeLuca
|
0-0: Called Strike 0-1: Ball 1-1: Ball 2-1: Foul Ball, location: 2F 2-2: Ball 3-2: Foul Ball, location: 2F 3-2: Foul Ball, location: 2F 3-2: Ground out 4-3 (Groundball, 4, EV 79.4 MPH)
|
Top of the 4th over - 0 runs, 0 hits, 0 errors, 0 left on base; Nashville 6 - Rochester 0 |
BOTTOM OF THE 4TH |
Rochester Red Wings batting - Pitching for Nashville Sounds : RHP Victor Sanchez
|
Batting: RHB Josh Harmon
|
0-0: Called Strike 0-1: Ball 1-1: DOUBLE (Line Drive, 5D, EV 100.0 MPH)
|
Batting: RHB José Molina
|
0-0: Fly out, F9 (Flyball, 9S, EV 89.4 MPH)
|
Batting: RHB Ryan Gautney
|
0-0: Ball 1-0: Ball 2-0: Called Strike 2-1: Foul Ball, location: 2F 2-2: Foul Ball, location: 2F 2-2: Fly out, F9 (Flyball, 9, EV 97.5 MPH)
|
Batting: RHB Pedro Pinero
|
0-0: SINGLE (Groundball, 34D, EV 100.6 MPH) Josh Harmon to third Runner from 3rd tries for Home, throw by RF and OUT! 9-2
|
Bottom of the 4th over - 0 runs, 2 hits, 0 errors, 1 left on base; Nashville 6 - Rochester 0 |
TOP OF THE 5TH |
Nashville Sounds batting - Pitching for Rochester Red Wings : RHP Mike Moon
|
Batting: RHB Wade Diamond
|
0-0: Ball 1-0: Ball 2-0: Swinging Strike 2-1: Called Strike 2-2: Foul Ball, location: 2F 2-2: Strikes out swinging
|
Batting: RHB Tony Crespo
|
0-0: Ball 1-0: Ground out 4-3 (Groundball, 4S, EV 90.0 MPH)
|
Batting: RHB David Sharp
|
0-0: Called Strike 0-1: Ball 1-1: Ball 2-1: Ball 3-1: Base on Balls
|
Batting: LHB Tomas Segarra
|
0-0: Ball 1-0: Swinging Strike 1-1: Ball 2-1: Ball 3-1: Called Strike 3-2: Foul Ball, location: 2F 3-2: Base on Balls David Sharp to second
|
Batting: RHB David Herrera
|
0-0: Foul Ball, location: 2F 0-1: Ball 1-1: Ball 2-1: Ball 3-1: Called Strike 3-2: Base on Balls David Sharp to third Tomas Segarra to second
|
Pitching: RHP Ryan Graham
|
|
Batting: LHB Al Hernandez
|
0-0: Ball 1-0: DOUBLE (Line Drive, 5D, EV 101.2 MPH) David Sharp scores Tomas Segarra scores David Herrera to third Runner from 3rd tries for Home, SAFE, throw by LF to trailing runner, OUT at third! 7-3-5
|
Top of the 5th over - 3 runs, 1 hit, 0 errors, 0 left on base; Nashville 9 - Rochester 0 |
BOTTOM OF THE 5TH |
Rochester Red Wings batting - Pitching for Nashville Sounds : RHP Victor Sanchez
|
Batting: RHB Dan Grable
|
0-0: Ball 1-0: Ground out 4-3 (Groundball, 34, EV 106.9 MPH)
|
Batting: LHB Tyler Allen
|
0-0: Ball 1-0: Ball 2-0: Ball 3-0: Called Strike 3-1: Fly out, F9 (Flyball, 89D, EV 90.6 MPH)
|
Batting: RHB Jason Gee
|
0-0: Ball 1-0: Called Strike 1-1: SINGLE (Groundball, 34D, EV 95.0 MPH)
|
Batting: SHB Ian Thompson
|
0-0: Ball 1-0: Foul Ball, location: 2F 1-1: SINGLE (Groundball, 34D, EV 97.5 MPH) Jason Gee to second Runner from 2nd tries for 3rd, OUT! 9-5
|
Bottom of the 5th over - 0 runs, 2 hits, 0 errors, 1 left on base; Nashville 9 - Rochester 0 |
TOP OF THE 6TH |
Nashville Sounds batting - Pitching for Rochester Red Wings : RHP Ryan Graham
|
Batting: RHB Bill Cabrera
|
0-0: Ball 1-0: Ball 2-0: Called Strike 2-1: Called Strike 2-2: Fly out, F9 (Flyball, 9, EV 98.1 MPH)
|
Batting: LHB Ben Goldstein
|
0-0: Called Strike 0-1: Ground out U3 (Groundball, 34, EV 78.8 MPH)
|
Batting: LHB Zachary DeLuca
|
0-0: Ball 1-0: Called Strike 1-1: Ground out 4-3 (Groundball, 4, EV 106.2 MPH)
|
Top of the 6th over - 0 runs, 0 hits, 0 errors, 0 left on base; Nashville 9 - Rochester 0 |
BOTTOM OF THE 6TH |
Rochester Red Wings batting - Pitching for Nashville Sounds : RHP Victor Sanchez
|
Batting: RHB Leo Gonzalez
|
0-0: Ball 1-0: Ball 2-0: Ball 3-0: Called Strike 3-1: Base on Balls
|
Batting: RHB Josh Harmon
|
0-0: Fly out, F8 (Line Drive, 8LD, EV 90.6 MPH)
|
Batting: RHB José Molina
|
0-0: Foul Ball, location: 2F 0-1: Called Strike 0-2: Foul Ball, location: 2F 0-2: Foul Ball, location: 2F 0-2: Ball 1-2: SINGLE (Groundball, 6MD, EV 98.1 MPH) Leo Gonzalez to second
|
Pitching: RHP Jesus Gonzales
|
|
Batting: RHB Ryan Gautney
|
0-0: Ball 1-0: Ball 2-0: Swinging Strike 2-1: Swinging Strike 2-2: Foul Ball, location: 2F 2-2: Strikes out swinging
|
Batting: RHB Pedro Pinero
|
0-0: Foul Ball, location: 2F 0-1: Swinging Strike 0-2: Ball 1-2: Strikes out looking
|
Bottom of the 6th over - 0 runs, 1 hit, 0 errors, 2 left on base; Nashville 9 - Rochester 0 |
TOP OF THE 7TH |
Nashville Sounds batting - Pitching for Rochester Red Wings : RHP Ryan Graham
|
Batting: RHB Wade Diamond
|
0-0: Ball 1-0: Fly out, F8 (Line Drive, 8LM, EV 100.0 MPH)
|
Batting: RHB Tony Crespo
|
0-0: Foul Ball, location: 2F 0-1: Swinging Strike 0-2: Strikes out swinging
|
Batting: RHB David Sharp
|
0-0: Foul Ball, location: 2F 0-1: Ball 1-1: Called Strike 1-2: Fly out, F8 (Flyball, 8RD, EV 100.0 MPH)
|
Top of the 7th over - 0 runs, 0 hits, 0 errors, 0 left on base; Nashville 9 - Rochester 0 |
BOTTOM OF THE 7TH |
Rochester Red Wings batting - Pitching for Nashville Sounds : RHP Jesus Gonzales
|
Batting: RHB Dan Grable
|
0-0: Ball 1-0: Fly out, F6 (Popup, 6MS, EV 60.6 MPH)
|
Batting: LHB Tyler Allen
|
0-0: SINGLE (Groundball, 34D, EV 109.4 MPH) (infield hit)
|
Batting: RHB Jason Gee
|
0-0: Ball Tyler Allen steals 2nd base (no throw) 1-0: Ball 2-0: Swinging Strike 2-1: Ball 3-1: Foul Ball, location: 2F 3-2: Base on Balls
|
Batting: SHB Ian Thompson
|
0-0: Called Strike 0-1: Swinging Strike 0-2: Foul Ball, location: 2F 0-2: Foul Ball, location: 2F 0-2: Ball 1-2: Strikes out swinging
|
Batting: RHB Leo Gonzalez
|
0-0: Called Strike 0-1: Called Strike 0-2: Strikes out looking
|
Bottom of the 7th over - 0 runs, 1 hit, 0 errors, 2 left on base; Nashville 9 - Rochester 0 |
TOP OF THE 8TH |
Nashville Sounds batting - Pitching for Rochester Red Wings : RHP Ryan Graham
|
Batting: LHB Tomas Segarra
|
0-0: Ball 1-0: Ball 2-0: Called Strike 2-1: Foul Ball, location: 2F 2-2: Fly out, F9 (Line Drive, 9, EV 95.0 MPH)
|
Batting: RHB David Herrera
|
0-0: Ball 1-0: SINGLE (Groundball, 4MD, EV 98.8 MPH)
|
Pitching: RHP Alex Rushton
|
|
Batting: LHB Al Hernandez
|
0-0: Called Strike 0-1: Called Strike 0-2: Strikes out swinging
|
Batting: RHB Bill Cabrera
|
0-0: Called Strike 0-1: Ground out 3-1 (Groundball, 34S, EV 88.1 MPH)
|
Top of the 8th over - 0 runs, 1 hit, 0 errors, 1 left on base; Nashville 9 - Rochester 0 |
BOTTOM OF THE 8TH |
Rochester Red Wings batting - Pitching for Nashville Sounds : RHP Jesus Gonzales
|
Batting: RHB Josh Harmon
|
0-0: Foul Ball, location: 2F 0-1: Ball 1-1: Called Strike 1-2: Ball 2-2: Strikes out swinging
|
Batting: RHB José Molina
|
0-0: Ball 1-0: Swinging Strike 1-1: Ball 2-1: DOUBLE (Groundball, 5L, EV 94.4 MPH)
|
Batting: RHB Ryan Gautney
|
0-0: Foul Ball, location: 2F 0-1: Foul Ball, location: 2F 0-2: Strikes out swinging
|
Batting: RHB Pedro Pinero
|
0-0: Foul Ball, location: 2F 0-1: Ball 1-1: Swinging Strike 1-2: Ball 2-2: Foul Ball, location: 2F 2-2: Foul Ball, location: 2F 2-2: Foul Ball, location: 2F 2-2: SINGLE (Groundball, 34D, EV 95.0 MPH) José Molina to third Runner from 3rd tries for Home, throw by RF and OUT! 9-2
|
Bottom of the 8th over - 0 runs, 2 hits, 0 errors, 1 left on base; Nashville 9 - Rochester 0 |
TOP OF THE 9TH |
Nashville Sounds batting - Pitching for Rochester Red Wings : RHP Alex Rushton
|
Batting: LHB Ben Goldstein
|
0-0: Ball 1-0: Foul Ball, location: 2F 1-1: Called Strike 1-2: Ground out 5-3 (Groundball, 56, EV 105.0 MPH)
|
Batting: LHB Zachary DeLuca
|
0-0: Ball 1-0: Ground out 2-3 (Groundball, 2L, EV 60.0 MPH)
|
Batting: RHB Wade Diamond
|
0-0: Called Strike 0-1: Swinging Strike 0-2: Ball 1-2: Foul Ball, location: 2F 1-2: Fly out, F8 (Line Drive, 78M, EV 93.8 MPH)
|
Top of the 9th over - 0 runs, 0 hits, 0 errors, 0 left on base; Nashville 9 - Rochester 0 |
BOTTOM OF THE 9TH |
Rochester Red Wings batting - Pitching for Nashville Sounds : RHP Jesus Gonzales
|
Batting: RHB Dan Grable
|
0-0: Called Strike 0-1: Ball 1-1: Foul Ball, location: 2F 1-2: Ball 2-2: Ball 3-2: Strikes out swinging
|
Pitching: RHP Ben Voorhees
|
|
Batting: LHB Tyler Allen
|
0-0: SINGLE (Groundball, 56D, EV 95.0 MPH)
|
Batting: RHB Jason Gee
|
0-0: Ball 1-0: Called Strike 1-1: Swinging Strike 1-2: Ball 2-2: Grounds into double play, 5-4-3 (Groundball, 56, EV 103.1 MPH)
|
Bottom of the 9th over - 0 runs, 1 hit, 0 errors, 0 left on base; Nashville 9 - Rochester 0 |
|